 Dungeon Crawl Stone Soup version 0.14.0-12-g87ee3b7 (console) character file.

216 Saihtam the Vexing (level 5, -2/28 HPs)
             Began as a Kobold Enchanter on Apr 17, 2014.
             Killed by nerve-wracking pain
             ... invoked by a shadow imp
             ... summoned by Natasha
              (4 damage)
             ... on Level 3 of the Dungeon.
             The game lasted 00:29:28 (3087 turns).

Saihtam the Vexing (Kobold Enchanter)               Turns: 3087, Time: 00:29:28

HP  -2/28        AC 10     Str  8      XL: 5   Next: 40%
MP   9/9         EV 16     Int 13      God:
Gold 82          SH  0     Dex 16      Spells:  3 memorised,  2 levels left

rFire  . . .     SeeInvis .     r - +2 dagger (protect)
rCold  . . .     Clarity  .     b - +1 robe
rNeg   . . .     Conserve .     (no shield)
rPois  .         rCorr    .     i - +0 helmet
rElec  .         rRot     .     (no cloak)
SustAb . .       Spirit   .     q - +0 pair of gloves
rMut   .         Warding  .     (no boots)
Saprov + + .     Stasis   .     (no amulet)
MR     .....                    (no ring)
                                (no ring)

@: not resistant to hostile enchantments, stealthy
A: disease resistance, carnivore 3, saprovore 2
a: no special abilities


You were on level 3 of the Dungeon.
You were not hungry.

You visited 1 branch of the dungeon, and saw 3 of its levels.

You collected 82 gold pieces.

Inventory:

Hand weapons
 r - a +2,+2 dagger of protection (weapon)
Armour
 b - a +1 robe (worn)
 i - a +0 helmet (worn)
 q - a +0 pair of gloves (worn)
Comestibles
 d - 2 rotting chunks of goblin flesh
 f - 3 meat rations
 l - a chunk of adder flesh
 m - a chunk of giant newt flesh
Scrolls
 a - 5 scrolls of identify {unknown}
 e - a scroll of remove curse {unknown}
 h - a scroll of amnesia {unknown}
 k - a scroll of recharging {unknown}
 p - a scroll of teleportation {unknown}
 s - a scroll of enchant weapon II {unknown}
Books
 c - a book of Maledictions

   Spells                             Type                      Level
   *Corona                            Hexes                        1
   *Sure Blade                        Hexes/Charms                 2
   Ensorcelled Hibernation            Hexes/Ice                    2
   *Confuse                           Hexes                        3
   Enslavement                        Hexes                        4
   Invisibility                       Hexes                        6


   Skills:
 + Level 0.2 Fighting
 * Level 2.8 Short Blades
 + Level 3.2 Throwing
 + Level 3.2 Dodging
 + Level 3.2 Stealth
 + Level 2.2 Spellcasting
 * Level 3.9 Hexes


You had 2 spell levels left.
You knew the following spells:

 Your Spells              Type           Power        Failure   Level  Hunger
a - Corona                Hex            ##.....      6%          1    ##.....
b - Confuse               Hex            ##......     14%         3    ####...
c - Sure Blade            Hex/Chrm       #.........   17%         2    ###....


Dungeon Overview and Level Annotations

Branches:
Dungeon (3/15)

Altars:

Annotations:
D:3 Natasha


Innate Abilities, Weirdness & Mutations

You recuperate from illness quickly.
You are small and have problems with some larger weapons.
You are carnivorous and can eat meat at any time.
You can eat rotten meat.


Message History

You barely miss the crimson imp. The crimson imp hits you.
The crimson imp misses you. Natasha claws you but does no damage.
You hit Natasha.
Natasha is lightly wounded.
The crimson imp blinks!
Natasha claws you.
* * * LOW HITPOINT WARNING * * *
You hit Natasha.
Natasha is moderately wounded.
The crimson imp disappears in a puff of smoke!
Natasha claws you.
* * * LOW HITPOINT WARNING * * *
Drink which item? (? for menu, Esc to quit)
It has a very clean taste.
It was a potion of cure mutation.
Natasha barely misses you.
Natasha mumbles some strange words.
The crimson imp blinks!
Natasha mewls in sadness.
Some of the chunks of flesh in your inventory have completely rotted away.
The shadow imp gestures at you. Pain shoots through your body!
You die...

#..........####.#
#..##.........#.#
#..##.#.#..##.#.# ####
#..##.#.#..##.#.# ...#
#.....#.#..#....#### ##.#
#.......#........... ##.####
##.######..#....#### ......#
#...h..........# ##.##.#
#5##########.### ##.##.# #.###
#.# ...##.# #.@.# ##h##
#####.#### ###.# #...#
##.......# ##.# #.....#
#........# ##..# #.......#
.........######...####.........#
.....................+.........+
.........######...####....(....#
#........# ##..# ##.......##
##.......# ##.# ##..)..##
###.##### #.# ... #.# #.#


You could see a shadow imp.

Vanquished Creatures
  An orc wizard (D:2)
  4 adders
  A gnoll (D:1)
  2 giant mites (D:2)
  A worm (D:3)
  3 giant geckos
  3 orcs
  A ball python (D:2)
  4 bats
  A bat skeleton (D:3)
  3 giant cockroaches
  4 hobgoblins
  4 jackals (D:1)
  2 giant newts
  10 goblins
  5 kobolds
  6 quokkas
  4 rats
59 creatures vanquished.

Notes
Turn   | Place    | Note
--------------------------------------------------------------
     0 | D:1      | Saihtam, the Kobold Enchanter, began the quest for the Orb.
     0 | D:1      | Reached XP level 1. HP: 10/10 MP: 3/3
   205 | D:1      | Reached XP level 2. HP: 7/15 MP: 4/4
   557 | D:1      | Reached XP level 3. HP: 15/19 MP: 6/6
   765 | D:1      | Learned a level 3 spell: Confuse
   768 | D:1      | Learned a level 2 spell: Sure Blade
  1475 | D:2      | Reached XP level 4. HP: 22/24 MP: 7/7
  2316 | D:2      | Reached XP level 5. HP: 17/28 MP: 1/9
  3052 | D:3      | Noticed Natasha
  3087 | D:3      | Killed from afar by a shadow imp

Action                   |  1- 3 |  4- 6 || total
-------------------------+-------+-------++-------
Melee: Dagger            |    93 |    86 ||   179
Throw: Dart              |    29 |    50 ||    79
 Cast: Corona            |     2 |    13 ||    15
       Confuse           |       |     3 ||     3
       Sure Blade        |       |     4 ||     4
  Use: Potion            |       |     1 ||     1
 Stab: Sleeping          |     1 |       ||     1
